 Dungeon Crawl Stone Soup version 0.20-a0-893-g832831a (webtiles) character file.

202 Herrn the Chopper (level 6, 0/44 HPs)
             Began as a Formicid Wanderer on Mar 17, 2017.
             Succumbed to a worker ant's poison
             ... on level 3 of the Dungeon.
             The game lasted 00:05:15 (3238 turns).

Herrn the Chopper (Formicid Wanderer)               Turns: 3238, Time: 00:05:16

Health: 0/44       AC:  6    Str: 15    XL:     6   Next: 8%
Magic:  6/6        EV: 10    Int: 16    God:
Gold:   120        SH:  0    Dex:  7    Spells: 5/5 levels left

rFire    . . .     SeeInvis +   a - +2 hand axe
rCold    . . .     Gourm    .   m - +0 ring mail
rNeg     . . .     Faith    .   (no shield)
rPois    .         Spirit   .   (helmet unavailable)
rElec    .         Reflect  .   e - +0 cloak
rCorr    .         Harm     .   (no gloves)
MR       +....                  (no boots)
Stlth    +.........             (no amulet)
Regen    0.2/turn               (no ring)
MPRegen  0.1/turn               (no ring)

@: lethally poisoned (0 -> -2)
A: permanent stasis, dig shafts and tunnels, four strong arms, antennae 3, magic
resistance 1, weak 1
a: Dig, Shaft Self


You were on level 3 of the Dungeon.
You were hungry.

You visited 1 branch of the dungeon, and saw 3 of its levels.

You collected 120 gold pieces.

Inventory:

Hand Weapons
 a - a +2 hand axe (weapon)
Armour
 c - a +0 robe
 e - a +0 cloak (worn)
 m - a +0 ring mail (worn)
Scrolls
 f - a scroll of magic mapping {unknown}
 g - 2 scrolls of teleportation {unknown}
 h - a scroll of fear {unknown}
 i - 2 scrolls of enchant weapon {unknown}
 j - a scroll of noise {unknown}
 l - a scroll of recharging {unknown}
 o - 5 scrolls of identify {unknown}
Comestibles
 d - 2 bread rations
 n - 2 meat rations
 t - 2 fruits


   Skills:
 * Level 2.0 Fighting
 + Level 5.5 Axes
 - Level 1.0 Throwing
 + Level 2.4 Armour
 + Level 1.2 Dodging
 - Level 1.2 Stealth
   Level 1.7 Conjurations
   Level 1.1 Transmutations


You had 5 spell levels left.
You didn't know any spells.

Dungeon Overview and Level Annotations

Branches:
Dungeon (3/15)

Altars:
Gozag


Innate Abilities, Weirdness & Mutations

You cannot be hasted, slowed, berserked, paralysed or teleported.
You can dig through walls and to a lower floor.
Your four strong arms can wield two-handed weapons with a shield.
You have a pair of large antennae on your head. (SInv)
You are resistant to hostile enchantments. (MR+)
You are weak. (Str -2)


Message History

You hit the worker ant but do no damage.
The worker ant is severely wounded.
The worker ant bites you but does no damage.
You closely miss the worker ant.
The worker ant is severely wounded.
The worker ant bites you but does no damage.
You hit the worker ant but do no damage.
The worker ant is severely wounded.
* * * LOW HITPOINT WARNING * * *
You feel sick. The worker ant barely misses you. x2
You closely miss the worker ant.
The worker ant is severely wounded.
The worker ant bites you.
* * * LOW HITPOINT WARNING * * *
You hit the worker ant but do no damage.
The worker ant is severely wounded.
The worker ant barely misses you.
You barely miss the worker ant.
The worker ant is severely wounded.
You die...

#....>..'.#'####..
#.......#.........
#.......#.........
#.......#......... ###
#.......#.........
....###.......#.........
..............#.........
..............####...###
......a@......# #...#
..............# #...#
..........##### #...#
###.......# #...#
######### #...# #...#
#...# #...# #####


You could see a worker ant.

Vanquished Creatures
  A hound skeleton (D:3)
  9 adders
  An ooze (D:1)
  2 worms
  7 dart slugs
  2 leopard geckos (D:3)
  6 orcs (D:3)
  9 bats
  4 giant cockroaches
  8 goblins
  5 hobgoblins
  10 jackals
  5 kobolds
  A ball python (D:3)
  4 frilled lizards
  4 rats
78 creatures vanquished.

Notes
Turn   | Place    | Note
-------+----------+-------------------------------------------
     0 | D:1      | Herrn the Formicid Wanderer began the quest for the Orb.
     0 | D:1      | Herrn set off with: a +2 hand axe, a potion of lignification, a +0 robe, a bread ration
     0 | D:1      | Reached XP level 1. HP: 13/13 MP: 1/1
   193 | D:1      | Reached XP level 2. HP: 11/20 MP: 2/2
   653 | D:1      | Reached XP level 3. HP: 15/25 MP: 3/3
  1170 | D:1      | Reached skill level 4 in Axes
  1228 | D:2      | Reached XP level 4. HP: 27/31 MP: 4/4
  1900 | D:2      | Reached skill level 1 in Fighting
  1924 | D:2      | Reached XP level 5. HP: 27/37 MP: 5/5
  2219 | D:3      | Found an opulent altar of Gozag.
  2284 | D:3      | Reached skill level 5 in Axes
  2284 | D:3      | Reached skill level 1 in Dodging
  2575 | D:3      | Gained mutation: You are weak. (Str -2) [potion of mutation]
  2575 | D:3      | Gained mutation: You are resistant to hostile enchantments. (MR+) [potion of mutation]
  2982 | D:3      | Reached XP level 6. HP: 41/44 MP: 6/6
  3235 | D:3      | HP: 2/44 [poisoned by a worker ant]
  3238 | D:3      | Succumbed to a worker ant's poison

Vault maps used:
D:1:      minmay_arrival_nine_rooms
D:3:      grunt_gozag_statues

Skill      XL: |  1  2  3  4  5  6 |
---------------+-------------------+-----
Axes           | 4 5 |  5.5
Fighting       | 1 2 |  2.0
Dodging        | 1 |  1.2
Throwing       | |  1.0
Armour         | |  2.4
Stealth        | |  1.2
Conjurations   | |  1.7
Transmutations | |  1.1

Action                   |  1- 3 |  4- 6 || total
-------------------------+-------+-------++-------
Melee: Hand axe          |    64 |   200 ||   264
  Use: Potion            |       |     6 ||     6
 Stab: Sleeping          |     2 |       ||     2
  Eat: Chunk             |     1 |     6 ||     7
Armor: Robe              |    12 |    40 ||    52
       Ring mail         |       |    36 ||    36
       Skin              |       |    21 ||    21
Dodge: Dodged            |    33 |   127 ||   160
